 Dungeon Crawl Stone Soup version 0.31-a0-66-ge618eeaa78 (webtiles) character file.

Game seed: 3406119860932749498

154 Zonian the Chiller (level 4, -7/49 HPs)
             Began as a Demigod Ice Elementalist on May 23, 2023.
             Killed from afar by an orc wizard (9 damage)
             ... with a magic dart
             ... on level 4 of the Dungeon.
             The game lasted 00:08:42 (3276 turns).

Zonian the Chiller (Demigod Ice Elementalist)       Turns: 3276, Time: 00:08:43

Health: -7/49      AC:  2    Str:  9    XL:     4   Next: 89%
Magic:  9/10       EV: 13    Int: 27    God:
Gold:   97         SH:  0    Dex: 14    Spells: 1/8 levels left

rFire   . . .        q - +2 short sword (drain)
rCold   + + +        (no shield)
rNeg    + + +        a - +0 robe
rPois   .            (no helmet)
rElec   .            (no cloak)
rCorr   .            (no gloves)
SInv    .            (no boots)
Will    .....        (no amulet) Stlth
                     d - ring of Agnosticism {Fly rC+++ rN+++ Will- Int+6}
HPRegen 0.28/turn    (no ring)
MPRegen 0.12/turn

%: no passive effects
@: berserking, flying, very quick
A: high MP 1, forlorn, divine attributes
a: no special abilities


You were on level 4 of the Dungeon.
You visited 1 branch of the dungeon, and saw 4 of its levels.

You collected 97 gold pieces.

Inventory:

Hand Weapons
 e - a +0 dagger
 f - a +0 war axe
 k - a +0 sling
 p - a +1 falchion of holy wrath
 q - a +2 short sword of draining (weapon)
Missiles
 c - 2 boomerangs
 s - 6 poisoned darts
Armour
 a - a +0 robe (worn)
 l - the +8 orange crystal plate armour {Archmagi, Int+3 Clar}
   (You found it on level 2 of the Dungeon)

   Int:       It affects your intelligence (+3).
   Clar:      It protects you from confusion, rage, mesmerisation and fear.
 m - a +0 buckler
 u - a +0 ring mail
Jewellery
 d - the ring of Agnosticism (left hand) {Fly rC+++ rN+++ Will- Int+6}
   (You acquired it on level 2 of the Dungeon)

   [ring of intelligence]

   Int:       It affects your intelligence (+6).
   rC:        It renders you almost immune to cold.
   rN:        It renders you almost immune to negative energy.
   Fly:       It grants you flight.
   Will:      It decreases your willpower.
Wands
 t - a wand of charming (10)
Scrolls
 o - 2 scrolls of teleportation
Potions
 b - a potion of magic
 g - 2 potions of resistance
 h - a potion of attraction
 i - a potion of berserk rage
 j - a potion of enlightenment {unknown}
 n - a potion of heal wounds {unknown}
 r - a potion of curing {unknown}


   Skills:
 + Level 2.9 Dodging
 + Level 3.0 Stealth
 + Level 2.7 Spellcasting
 + Level 4.2 Ice Magic


You had one spell level left.
You knew the following spells:

 Your Spells              Type           Power      Damage    Failure   Level
a - Freeze                Ice            100%       1d10      1%          1
b - Frozen Ramparts       Ice            52%        1d8       4%          3
c - Ozocubu's Armour      Ice            26%        N/A       4%          3

Your spell library contained the following spells:

 Spells                   Type           Power      Damage    Failure   Level
 Sublimation of Blood     Necr           3%         N/A       14%         2
 Static Discharge         Conj/Air       2%         2-3/arc   16%         2
 Inner Flame              Hex/Fire       1%         N/A       30%         3
 Mephitic Cloud           Conj/Pois/Air  1%         N/A       32%         3
 Summon Ice Beast         Ice/Summ       13%        N/A       41%         4
 Airstrike                Air            1%         2d(1-17)  65%         4
 Olgreb's Toxic Radiance  Pois           3%         N/A       65%         4
 Flame Wave               Conj/Fire      1%         2d4       71%         4
 Petrify                  Tmut/Erth      1%         N/A       71%         4
 Summon Lightning Spire   Summ/Air       1%         N/A       71%         4
 Irradiate                Conj/Tmut      0%         3d11      96%         5


Dungeon Overview and Level Annotations

Branches:
Dungeon (4/15)
 Temple: D:4-7


Innate Abilities, Weirdness & Mutations

You have an increased reservoir of magic. (+10% MP)
You shall have no god before yourself.
Your divine heritage dramatically boosts your attributes as you level up.


Message History

You freeze the orc.
The orc is heavily wounded.
The orc hits you with a +0 club.
Unknown command.
You hit the orc.
You kill the orc!
You hear the slow rusting of a drain very nearby.
A magic dart appears from out of thin air!
The magic dart hits you. Something hits you.
Things that are here:
a +0 club; a +0 short sword; an orc corpse Unknown command.
You closely miss something. Something hits you.
You miss something.
You hear some strange, mumbled words.
A magic dart appears from out of thin air!
The magic dart hits you!
You hit something. Something hits you but does no damage.
Unknown command.
You miss something.
You hear some strange, mumbled words.
A magic dart appears from out of thin air!
The magic dart hits you!
* * * LOW HITPOINT WARNING * * *
You hit something. Something hits you.
* * * LOW HITPOINT WARNING * * *
Unknown command.
A red film seems to cover your vision as you go berserk!
You feel yourself moving faster!
You feel mighty!
You hear some strange, mumbled words.
A magic dart appears from out of thin air!
The magic dart hits you.
* * * LOW HITPOINT WARNING * * *
You closely miss something. You miss something.
You hear some strange, mumbled words.
A magic dart appears from out of thin air!
The magic dart hits you!
You die...

# #. ### #.# #.. #.. #?# #... #.#
#.#.#### #.# #......# #{#
#......##### #@# #..........###.#
. ..............)..# ..
:........###.###.## #### ...
........)# #.# #..####..######.##
.........###'###.................
....)....##......................
###########......##.####........#
#..†...#### ###...#...


There were no monsters in sight!

Vanquished Creatures
  A hound (D:3)
  5 adders
  A worm (D:2)
  4 dart slugs
  3 orcs
  6 ball pythons
  7 endoplasms
  5 giant cockroaches
  4 goblins
  5 hobgoblins
  4 jackals
  7 quokkas
  5 bats
  4 frilled lizards
  2 kobolds
  A rat (D:1)
64 creatures vanquished.

Notes
Turn   | Place    | Note
-------+----------+-------------------------------------------
     0 | D:1      | Zonian the Demigod Ice Elementalist began the quest for the
                  | Orb.
     0 | D:1      | Reached XP level 1. HP: 14/14 MP: 5/5
   316 | D:1      | Reached XP level 2. HP: 20/20 MP: 5/7
   800 | D:2      | Reached XP level 3. HP: 26/26 MP: 6/8
  1502 | D:2      | Reached skill level 4 in Ice Magic
  1523 | D:2      | Found the +8 orange crystal plate armour {Archmagi, Int+3
                  | Clar}
  2009 | D:2      | Identified a scroll of acquirement
  2009 | D:2      | Acquired the ring of Agnosticism {Fly rC+++ rN+++ Will-
                  | Int+6}
  2047 | D:2      | Reached XP level 4. HP: 29/33 MP: 8/10
  2207 | D:3      | Learned a level 3 spell: Frozen Ramparts
  2211 | D:3      | Learned a level 3 spell: Ozocubu's Armour
  3274 | D:4      | HP: 2/49 [something/magic dart (6)]
  3276 | D:4      | Killed from afar by an orc wizard

Illustrated notes

Levels and vault maps discovered:
D:1:      dpeg_arrival_erosion, layout_rooms
D:2:      layout_rooms, basic_altar
D:3:      layout_basic, minitemple, serial_bayou_pond_b, grunt_ministairs_14
D:4:      layout_basic, lemuel_tele_altar, mainiacjoe_overflow_boulevard,
          gup_sewer_entry_bubbles, chequers_avenue

Skill      XL: |  1  2  3  4 |
---------------+-------------+-----
Dodging        | 2 |  2.9
Stealth        | 2 3 |  3.0
Spellcasting   | 2 |  2.7
Ice Magic      | 4 |  4.2

Action                     |  1- 3 |  4- 6 || total
---------------------------+-------+-------++-------
  Melee: Unarmed           |    12 |       ||    12
         Dagger            |    77 |    34 ||   111
         Short sword       |       |    36 ||    36
   Cast: Freeze            |    51 |    18 ||    69
    Use: Scroll            |     4 |     2 ||     6
         Potion            |       |     1 ||     1
   Stab: Sleeping          |     7 |     3 ||    10
 Armour: Robe              |    13 |    20 ||    33
  Dodge: Dodged            |    87 |    61 ||   148
  Block: Buckler           |     3 |       ||     3

Table legend: (Time is in decaauts)
 A = Elapsed time spent in this place.
 B = Non-inter-level travel time spent in this place.
 C = Inter-level travel time spent in this place.
 D = Time resting spent in this place.
 E = Time spent auto-exploring this place.
 F = Levels seen in this place.
 G = Mean time per level.
                   A        B        C        D        E       F      G
               +--------+--------+--------+--------+--------+-----+--------+
         Total |   3275 |   3177 |     98 |   1141 |   1218 |   4 |  818.8 |
       Dungeon |   3275 |   3177 |     98 |   1141 |   1218 |   4 |  818.8 |
               +--------+--------+--------+--------+--------+-----+--------+

Top non-repeatable levels by time:
     D:1: 1093 daAuts
     D:3: 1041 daAuts
     D:2: 1031 daAuts
     D:4: 109 daAuts
